 Dungeon Crawl Stone Soup version 0.28.0-53-g5a82cb258f (webtiles) character file.

Game seed: 17698675275820995292

952 Peloso the Slasher (level 7, -3/62 HPs)
             Began as a Minotaur Fighter on July 8, 2022.
             Was a Believer of Okawaru.
             Slain by Blork the orc
             ... wielding a +0 halberd
              (7 damage)
             ... on level 5 of the Dungeon.
             The game lasted 00:07:03 (4243 turns).

Peloso the Slasher (Minotaur Fighter)               Turns: 4243, Time: 00:07:04

Health: -3/62      AC: 13    Str: 21    XL:     7   Next: 90%
Magic:  6/6        EV:  6    Int:  5    God:    Okawaru [**....]
Gold:   234        SH:  5    Dex: 11    Spells: 6/6 levels left

rFire   . . .      SeeInvis .   a - +0 long sword (elec)
rCold   . . .      Faith    .   c - +0 buckler
rNeg    . . .      Spirit   .   o - +0 plate armour
rPois   .          Reflect  .   (helmet restricted)
rElec   .          Harm     .   (no cloak)
rCorr   .          Rampage  .   (no gloves)
Will    .....                   (no boots)
Stlth   ..........              (no amulet)
HPRegen 0.20/turn               (no ring)
MPRegen 0.10/turn               (no ring)

@: no status effects
A: horns 2, retaliatory headbutt
a: Renounce Religion, Heroism


You were on level 5 of the Dungeon.
You worshipped Okawaru.
Okawaru was pleased with you.
You visited 2 branches of the dungeon, and saw 6 of its levels.

You collected 234 gold pieces.

Inventory:

Hand Weapons
 a - a +0 long sword of electrocution (weapon)
Armour
 b - a +0 scale mail
 c - a +0 buckler (worn)
 o - a +0 plate armour (worn)
Jewellery
 n - a ring of see invisible
Scrolls
 e - 3 scrolls of teleportation
 f - a scroll of magic mapping
 j - 2 scrolls of fog
 k - 2 scrolls of enchant armour {unknown}
 q - 2 scrolls of enchant weapon {unknown}
 r - a scroll of acquirement {unknown}
 s - a scroll of fear {unknown}
 t - 2 scrolls of vulnerability {unknown}
Potions
 d - 2 potions of might
 g - a potion of haste {unknown}
 h - a potion of brilliance {unknown}
 i - a potion of magic
 l - a potion of resistance
 m - 2 potions of berserk rage {unknown}
 p - a potion of mutation {unknown}


   Skills:
 + Level 5.9 Fighting
 + Level 7.2 Long Blades
 + Level 7.0 Armour
 + Level 1.0 Dodging
 + Level 4.9 Shields
 + Level 0.1 Invocations


You had 6 spell levels left.
You didn't know any spells.
Your spell library contained the following spells:

 Spells                   Type           Power      Damage    Failure   Level
 Apportation              Tloc           0%         N/A       100%        1
 Alistair's Intoxication  Tmut/Pois      0%         N/A       100%        5


Dungeon Overview and Level Annotations

Branches:
Dungeon (5/15)             Temple (1/1) D:4

Altars:
Cheibriados
Dithmenos
Elyvilon
Fedhas
Gozag
Hepliaklqana
Kikubaaqudgha
Makhleb
Nemelex Xobeh
Okawaru
Qazlal
Ru
Sif Muna
Trog
Uskayaw
Vehumet
Wu Jian
Xom
Yredelemnul
Zin
The Shining One

Annotations:
D:5 Blork the orc


Innate Abilities, Weirdness & Mutations

You have a pair of horns on your head.
You reflexively headbutt those who attack you in melee.


Message History

Okay, then.
Blork the orc shouts!
You hit Menkaure but do no damage.
You headbutt Menkaure, but do no damage.
Menkaure is severely damaged.
Menkaure hits you.
* * * LOW HITPOINT WARNING * * *
The orc priest mumbles some strange prayers to Beogh against you.
Pain shoots through your body!
* * * LOW HITPOINT WARNING * * *
Unknown command.
You closely miss Menkaure. You headbutt Menkaure.
You destroy Menkaure!
Okawaru is honoured by your kill.
The orc priest hits you but does no damage.
Your Long Blades skill increases to level 7!
Your Armour skill increases to level 7!
Unknown command.
You slash the orc priest!
You kill the orc priest!
Okawaru accepts your kill. Something hits you but does no damage.
Unknown command.
A magic dart appears from out of thin air!
The magic dart hits you.
* * * LOW HITPOINT WARNING * * *
There is an open door here.
There is an open door here.
Blork the orc gestures wildly while chanting.
Blork the orc seems to speed up.
You hear some strange, mumbled words.
A magic dart appears from out of thin air!
The magic dart hits you but does no damage.
Blork the orc barely misses you.
You hear some strange, mumbled words.
A puff of flame appears from out of thin air!
The puff of flame hits you but does no damage.
Blork the orc barely misses you.
Blork the orc hits you from afar with a +0 halberd!
You die...

#...'..'....#.........#
≈..
#...#..#....#.........#
≈..
#.#########'#.........#
≈..
###.#...............#####
≈≈. #...+...............#
≈≈≈ #...#...............#
#.≈ #...#...............#
#.. #...#...............#
#..
#######'#.....o.@.......#
..
#.....†.....#######.....#
.. #...........# #.....#
# #...........# #.....#
#...........# #.....#
#...........#
#######'######
#..#........#
#..'........#


You could see Blork the orc (fast).

Vanquished Creatures
  Eustachio (D:5)
  Menkaure (D:5)
  An ice beast (D:5)
  A black bear (D:5)
  A phantom (D:5)
  2 scorpions
  A howler monkey (D:5)
  A jelly (D:2)
  An orc priest (D:5)
  Jessica (D:3)
  3 iguanas
  4 adders
  A worm (D:5)
  5 dart slugs
  6 orcs
  6 ball pythons
  6 endoplasms
  3 giant cockroaches
  5 goblins
  5 hobgoblins
  3 jackals (D:1)
  3 quokkas
  6 bats
  5 frilled lizards
  6 kobolds
  10 rats
88 creatures vanquished.

Notes
Turn   | Place    | Note
-------+----------+-------------------------------------------
     0 | D:1      | Peloso the Minotaur Fighter began the quest for the Orb.
     0 | D:1      | Reached XP level 1. HP: 19/19 MP: 0/0
   197 | D:1      | Reached XP level 2. HP: 16/27 MP: 1/1
   371 | D:1      | Found a faded altar of an unknown god.
   524 | D:1      | Reached XP level 3. HP: 27/33 MP: 2/2
   882 | D:2      | Reached XP level 4. HP: 31/41 MP: 3/3
  2318 | D:3      | Noticed Jessica
  2332 | D:3      | Killed Jessica
  2333 | D:3      | Reached XP level 5. HP: 35/47 MP: 4/4
  2607 | D:4      | Found a staircase to the Ecumenical Temple.
  2621 | Temple   | Entered the Ecumenical Temple
  2845 | Temple   | Became a worshipper of Warmaster Okawaru
  3210 | D:4      | Reached skill level 5 in Armour
  3517 | D:5      | Entered Level 5 of the Dungeon
  3597 | D:5      | Reached skill level 5 in Long Blades
  3597 | D:5      | Reached XP level 6. HP: 51/55 MP: 5/5
  3635 | D:5      | Reached skill level 5 in Fighting
  3686 | D:5      | Noticed Eustachio
  3705 | D:5      | Reached * piety under Okawaru
  3706 | D:5      | Reached skill level 1 in Dodging
  3717 | D:5      | Killed Eustachio
  3718 | D:5      | Reached XP level 7. HP: 40/61 MP: 6/6
  4210 | D:5      | Noticed Menkaure
  4224 | D:5      | Noticed Blork the orc
  4225 | D:5      | HP: 3/61 [orc priest/nerve-wracking pain (3)]
  4226 | D:5      | Killed Menkaure
  4226 | D:5      | Reached ** piety under Okawaru
  4229 | D:5      | HP: 1/62 [something/magic dart (2)]
  4243 | D:5      | Slain by Blork the orc

Illustrated notes

Levels and vault maps discovered:
D:1:      amcnicky_arrival_gap_in_the_tavern_cellar, layout_rooms,
          ebering_ecumenical_altar_webs, minmay_tetromino_t4
D:2:      layout_loops_ring
D:3:      layout_basic, uniq_jessica
D:4:      layout_cave_pools, minmay_temple_entry_gardened_gates,
          hangedman_abyss_or_decor_passed
D:5:      cheibrodos_helix_gallery, layout_gridville, uniq_blork_the_orc,
          uniq_eustachio, uniq_menkaure
Temple:   roderic_octagonal_lattice_temple

Skill      XL: |  1  2  3  4  5  6  7 |
---------------+----------------------+-----
Shields        | 4 |  4.9
Fighting       | 4 5 |  5.9
Armour         | 4 5 6 7 |  7.0
Long Blades    | 3 4 5 6 7 |  7.2
Dodging        | 1 |  1.0
Invocations    | |  0.1

Action                   |  1- 3 |  4- 6 |  7- 9 || total
-------------------------+-------+-------+-------++-------
Melee: Long sword        |    59 |    93 |    42 ||   194
       Headbutt          |     9 |    15 |    11 ||    35
Invok: Heroism           |       |       |     1 ||     1
  Use: Scroll            |       |    11 |       ||    11
Armor: Scale mail        |    30 |    24 |       ||    54
       Plate armour      |       |    24 |    27 ||    51
Dodge: Dodged            |    24 |    42 |    14 ||    80
Block: Buckler           |    10 |    16 |     7 ||    33
